 Dungeon Crawl Stone Soup version 0.18-a0-1060-g4fac74f (webtiles) character file.

112 namelastname112 the Sneak (level 4, 0/36 HPs)
             Began as a Draconian Wizard on Jan 12, 2016.
             Was an Initiate of Elyvilon.
             Slain by an orc
             ... wielding a +0 hand axe
              (4 damage)
             ... on level 4 of the Dungeon.
             The game lasted 00:04:38 (2299 turns).

namelastname112 the Sneak (Draconian Wizard)        Turns: 2299, Time: 00:04:38

Health: 0/36       AC:  6    Str: 10    XL:     4   Next: 64%
Magic:  7/8        EV: 12    Int: 18    God:    Elyvilon [......]
Gold:   205        SH:  0    Dex: 10    Spells: 1 memorised, 8 levels left

rFire  . . .     SeeInvis .     e - +0 dagger
rCold  . . .     Gourm    .     (armour unavailable)
rNeg   . . .     Faith    .     (no shield)
rPois  .         Spirit   .     a - +0 hat
rElec  .         Dismiss  .     (no cloak)
rCorr  .         Reflect  .     o - +0 pair of gloves
SustAt .         Harm     .     (no boots)
MR     .....                    (no amulet)
Stlth  ++........               (no ring)
                                s - ring of flight

@: not resistant to hostile enchantments, unstealthy
A: unfitting armour, cold-blooded, AC +5
a: Renounce Religion, Evoke Flight


You were on level 4 of the Dungeon.
You worshipped Elyvilon.
Elyvilon was noncommittal.
You were very hungry.

You visited 1 branch of the dungeon, and saw 4 of its levels.

You collected 205 gold pieces.

Inventory:

Hand Weapons
 e - a +0 dagger (weapon)
Missiles
 q - 6 curare-tipped needles
Armour
 a - a +0 hat (worn)
 o - a +0 pair of gloves (worn)
Jewellery
 s - a ring of flight (left hand)
 t - a cursed ring of protection from fire {unknown}
Scrolls
 d - a scroll of recharging {unknown}
 f - a scroll of enchant weapon {unknown}
 g - 4 scrolls of noise {unknown}
 l - 5 scrolls of identify {unknown}
 n - 2 scrolls of teleportation {unknown}
 p - 2 scrolls of enchant armour {unknown}
 r - a scroll of amnesia {unknown}
 u - a scroll of remove curse {unknown}
Potions
 j - a potion of magic {unknown}
 k - 2 potions of resistance
 m - 2 potions of haste {unknown}
Books
 b - a book of Minor Magic

   Spells                             Type                      Level
   a - Magic Dart                     Conjuration                  1
   b - Blink                          Translocation                2
   c - Call Imp                       Summoning                    2
   d - Repel Missiles                 Charms/Air                   2
   e - Slow                           Hexes                        2
   f - Conjure Flame                  Conjuration/Fire             3
   g - Mephitic Cloud                 Conjuration/Poison/Air       3
Comestibles
 c - 3 bread rations
 h - a beef jerky
 i - 2 meat rations


   Skills:
 + Level 1.6 Fighting
 * Level 2.2 Short Blades
 + Level 2.1 Dodging
 * Level 3.3 Stealth
 - Level 3.0 Spellcasting
 - Level 1.0 Conjurations
   Level 1.0 Summonings
   Level 1.0 Translocations


You had 8 spell levels left.
You knew the following spells:

 Your Spells              Type           Power        Failure   Level  Hunger
z - Magic Dart            Conj           #...         12%         1    None


Dungeon Overview and Level Annotations

Branches:
Dungeon (4/15)
 Temple: D:4-7

Altars:
Elyvilon
Fedhas
Yredelemnul

Annotations:
D:3 Grinder; namelastname112's ghost, amateur DrWz


Innate Abilities, Weirdness & Mutations

Your plain brown scales are hard (AC +5).
Your body does not fit into most forms of armour.
You are cold-blooded and may be slowed by cold attacks.


Message History

The magic dart hits the orc.
The orc is lightly wounded.
The orc priest invokes the aid of Beogh against you.
Something smites you!
* * * LOW HITPOINT WARNING * * *
The orc hits you but does no damage.
You hear a shout!
You closely miss the orc.
The orc is lightly wounded.
You hit the orc but do no damage.
Your tail-slap misses the orc.
The orc is lightly wounded.
The orc hits you but does no damage.
You barely miss the orc.
The orc is lightly wounded.
The orc closely misses you.
The orc priest miscasts a cantrip.
You barely miss the orc.
The orc is lightly wounded.
The orc hits you with a hand axe.
You die...

#.# #.# #.# #.# ### #.#
##.###### #.# ##+#
###.......# ##.# #...#
#......##.# #... .....#
#@#..#.##.# #... .o....#
#o#..#.##.# #...
.o.....##s#....##.#######.
...o..o'oo................
.o.....##.#.....#.####....
......# #.......#.# #.###
.....# ###.......# #.# #
#...# ##.###### #.# . ##+#
#.# ... .


You could see 2 orc priests, an orc and a giant cockroach.

Vanquished Creatures
  A worker ant (D:4)
  A gnoll (D:3)
  3 adders (D:2)
  An ooze (D:2)
  An adder skeleton (D:4)
  A worm (D:2)
  A giant gecko (D:2)
  5 giant cockroaches
  9 goblins
  A hobgoblin (D:2)
  3 bats (D:1)
  A giant gecko skeleton (D:4)
  A giant newt (D:1)
  11 kobolds
  7 rats
47 creatures vanquished.

Notes
Turn   | Place    | Note
--------------------------------------------------------------
     0 | D:1      | namelastname112 the Draconian Wizard began the quest for the Orb.
     0 | D:1      | Reached XP level 1. HP: 14/14 MP: 4/4
   177 | D:1      | Reached XP level 2. HP: 14/22 MP: 1/6
   455 | D:1      | Reached skill level 1 in Fighting
   998 | D:2      | Reached skill level 1 in Short Blades
   998 | D:2      | Reached XP level 3. HP: 26/28 MP: 1/7
  1182 | D:2      | Found a basalt altar of Yredelemnul.
  1580 | D:2      | Reached XP level 4. HP: 35/35 MP: 4/8
  1616 | D:2      | Found a blossoming altar of Fedhas.
  1617 | D:2      | Found a white marble altar of Elyvilon.
  1627 | D:2      | Became a worshipper of Elyvilon the Healer
  1765 | D:3      | Noticed namelastname112's ghost (amateur DrWz)
  1842 | D:3      | Noticed Grinder
  2299 | D:4      | Slain by an orc

Vault maps used:
D:1:      dpeg_arrival_subterranean_lakeside_camping
D:2:      gammafunk_temple_overflow_pools, yredelemnul_altar_generic
D:3:      first_bread, uniq_grinder
D:4:      makhleb_heckhound_becter, lightli_sewer_entry_pipes

Action                   |  1- 3 |  4- 6 || total
-------------------------+-------+-------++-------
Melee: Dagger            |   126 |    54 ||   180
       Unarmed           |     6 |       ||     6
 Cast: Magic Dart        |    40 |    26 ||    66
  Use: Potion            |       |     3 ||     3
 Stab: Sleeping          |     3 |     1 ||     4
  Eat: Chunk             |     2 |     1 ||     3
